 Dungeon Crawl Stone Soup version 0.21.1-1-g345015f (webtiles) character file.

1542 inc the Fighter (level 8, 0/61 HPs)
             Began as an Octopode Earth Elementalist on Apr 21, 2018.
             Was an Initiate of Vehumet.
             Slain by an ice beast (4 damage)
             ... on level 5 of the Dungeon.
             The game lasted 00:09:49 (5992 turns).

inc the Fighter (Octopode Earth Elementalist)       Turns: 5992, Time: 00:09:50

Health: 0/61       AC:  1    Str: 11    XL:     8   Next: 87%
Magic:  10/16      EV: 15    Int: 19    God:    Vehumet [......]
Gold:   314        SH:  0    Dex: 12    Spells: 13/17 levels left

rFire    . . .     SeeInvis .   k - +1 whip (venom)
rCold    . . .     Gourm    .   (no shield)
rNeg     . . .     Faith    .   (helmet restricted)
rPois    .         Spirit   .   (no amulet)
rElec    .         Reflect  .   j - +3 ring of strength
rCorr    .         Harm     .   (no ring)
MR       .....                  (no ring)
Stlth    +++.......             (no ring)
HPRegen  0.20/turn              (no ring)
MPRegen  0.15/turn              (no ring)
                                (no ring)
                                (no ring)

@: very slightly contaminated
A: almost no armour, stealthy swim, amphibious, 8 rings, constrict 8, camouflage
1, gelatinous body 1
a: Renounce Religion


You were on level 5 of the Dungeon.
You worshipped Vehumet.
Vehumet was noncommittal.
You were not hungry.

You visited 2 branches of the dungeon, and saw 6 of its levels.

You collected 314 gold pieces.

Inventory:

Hand Weapons
 k - a +1 whip of venom (weapon)
 n - a +0 falchion
 s - a +1 whip of flaming
Missiles
 b - 70 stones (quivered)
Jewellery
 j - a +3 ring of strength (left tentacle)
 t - an uncursed ring of fire {unknown}
Wands
 w - a wand of polymorph (11)
Scrolls
 e - 2 scrolls of immolation {unknown}
 g - a scroll of fog {unknown}
 h - a scroll of blinking {unknown}
 i - a scroll of magic mapping
 l - a scroll of enchant armour {unknown}
 m - 3 scrolls of remove curse {unknown}
 p - a scroll of random uselessness {unknown}
 u - 4 scrolls of identify
Potions
 a - a potion of cancellation
 f - 2 potions of curing
 o - a potion of agility
 q - a potion of flight
 r - a potion of resistance {unknown}
 v - a potion of degeneration {unknown}
Books
 d - a book of Geomancy

   Spells                             Type                      Level
   a - Sandblast                      Earth                        1
   b - Passwall                       Transmutation/Earth          2
   c - Stone Arrow                    Conjuration/Earth            3
   d - Petrify                        Transmutation/Earth          4
   e - Lee's Rapid Deconstruction     Earth                        5
Comestibles
 c - 9 rations


   Skills:
 - Level 8.1 Fighting
 - Level 4.6 Dodging
 - Level 2.6 Stealth
 + Level 5.4 Spellcasting
   Level 1.0 Transmutations
 - Level 3.0 Earth Magic


You had 13 spell levels left.
You knew the following spells:

 Your Spells              Type           Power        Failure   Level  Hunger
a - Sandblast             Erth           ###...       3%          1    None
b - Stone Arrow           Conj/Erth      ##....       19%         3    ##.....


Dungeon Overview and Level Annotations

Branches:
Dungeon (5/15)             Temple (1/1) D:5

Altars:
Ashenzari
Cheibriados
Dithmenos
Fedhas
Kikubaaqudgha
Nemelex Xobeh
Okawaru
Qazlal
Ru
Sif Muna
Trog
Uskayaw
Vehumet
Wu Jian
Yredelemnul
Zin
The Shining One

Shops:
D:4 (


Innate Abilities, Weirdness & Mutations

You cannot wear most types of armour.
You are very stealthy in the water. (Stealth+)
You are amphibious.
You can wear up to eight rings at the same time.
You can use your tentacles to constrict eight enemies at once.
Your skin changes colour to match your surroundings (Stealth+).
Your rubbery body absorbs attacks. (AC +1, EV +1)


Message History

Aiming: Sandblast
Press: ? - help, Shift-Dir - straight line, f/p - ice beast
Aim: an ice beast (moderately wounded)
The blast of sand hits the ice beast.
The ice beast is moderately wounded.
b - 71 stones The ice beast hits you.
* * * LOW HITPOINT WARNING * * *
The ice beast freezes you!
* * * LOW HITPOINT WARNING * * *
Casting: Sandblast
Confirm with . or Enter, or press ? or * to list all spells.
Aiming: Sandblast
Press: ? - help, Shift-Dir - straight line, f/p - ice beast
Aim: an ice beast (moderately wounded)
The blast of sand hits the ice beast.
The ice beast is heavily wounded.
b - 70 stones The ice beast hits you.
You die...

....# ##.#########.............
###.#####...#........#.##########
#...........#####..#.#
#######.....# #..#.# ......#
#..#.# ###....# #..#.####
###....#####.......#
..............#.##.#
.....###@###.#.# #. ####....#Y#
.# # .. ..........###.# .<
###....[.....#. #. #..#<........#
#. #.###...### #....# ...#
........# ..## #####.#.. ..


You could see an ice beast.

Vanquished Creatures
  Pikel (D:4)
  Grinder (D:4)
  Menkaure (D:5)
  A sky beast (D:5)
  A slave (D:3)
  A bullfrog (D:4)
  A scorpion (D:5)
  A howler monkey (D:5)
  An orc priest (D:4)
  3 hounds
  3 bullfrog skeletons
  Natasha (D:3)
  An iguana (D:4)
  2 worker ants
  Robin (D:3)
  6 adders
  A howler monkey skeleton (D:4)
  5 gnolls
  2 worms (D:3)
  A leopard gecko (D:1)
  14 orcs
  9 bats
  6 giant cockroaches
  13 hobgoblins
  13 jackals
  A ball python (D:4)
  5 frilled lizards
  14 goblins
  13 kobolds
  A leopard gecko zombie (D:5)
  A quokka skeleton (D:4)
  11 rats
136 creatures vanquished.

Vanquished Creatures (others)
  A slave (D:4)
  A quokka (D:4)
2 creatures vanquished.

Grand Total: 138 creatures vanquished

Notes
Turn   | Place    | Note
-------+----------+-------------------------------------------
     0 | D:1      | inc the Octopode Earth Elementalist began the quest for the Orb.
     0 | D:1      | Reached XP level 1. HP: 11/11 MP: 3/3
    83 | D:1      | Reached XP level 2. HP: 6/17 MP: 2/5
   703 | D:1      | Reached XP level 3. HP: 4/21 MP: 5/7
  1533 | D:2      | Reached XP level 4. HP: 27/27 MP: 9/9
  2502 | D:3      | Reached XP level 5. HP: 31/31 MP: 9/12
  2561 | D:3      | Noticed Robin
  2581 | D:3      | Killed Robin
  2924 | D:3      | Noticed Natasha
  2929 | D:3      | Killed Natasha
  2929 | D:3      | Reached skill level 5 in Spellcasting
  3057 | D:3      | Found a hide-covered altar of Uskayaw.
  3365 | D:4      | Noticed Pikel
  3365 | D:4      | Noticed a slave
  3365 | D:4      | Noticed a slave
  3366 | D:4      | Reached skill level 1 in Fighting
  3369 | D:4      | Noticed a slave
  3372 | D:4      | Noticed a slave
  3376 | D:3      | Killed a slave
  3456 | D:4      | Reached XP level 6. HP: 39/39 MP: 13/13
  3484 | D:4      | Found a shattered altar of Ashenzari.
  3490 | D:4      | Reached skill level 2 in Fighting
  3505 | D:4      | Found Tafeacon's Weapon Shoppe.
  3518 | D:4      | Noticed Grinder
  3538 | D:4      | Killed Grinder
  3538 | D:4      | Reached skill level 4 in Fighting
  3538 | D:4      | Reached XP level 7. HP: 22/48 MP: 0/14
  3840 | D:4      | Reached skill level 5 in Fighting
  4147 | D:4      | Killed Pikel
  4147 | D:4      | Reached skill level 7 in Fighting
  4147 | D:4      | Reached XP level 8. HP: 20/60 MP: 2/15
  5036 | D:5      | Entered Level 5 of the Dungeon
  5096 | D:5      | Reached skill level 8 in Fighting
  5627 | D:5      | Found a staircase to the Ecumenical Temple.
  5627 | D:5      | Noticed Menkaure
  5641 | D:5      | Killed Menkaure
  5657 | D:5      | Learned a level 3 spell: Stone Arrow
  5674 | Temple   | Entered the Ecumenical Temple
  5759 | Temple   | Became a worshipper of Vehumet
  5992 | D:5      | Slain by an ice beast

Skill      XL: |  1  2  3  4  5  6  7  8 |
---------------+-------------------------+-----
Spellcasting   | 3 4 5 |  5.4
Fighting       | 1 4 7 8 |  8.1
Dodging        | 4 |  4.6
Stealth        | |  2.6
Transmutations | |  1.0
Earth Magic    | |  3.0

Action                   |  1- 3 |  4- 6 |  7- 9 || total
-------------------------+-------+-------+-------++-------
Melee: Unarmed           |    66 |    26 |       ||    92
       Constrict         |    22 |    25 |    28 ||    75
       Tentacles         |    10 |     9 |    17 ||    36
       Falchion          |       |    15 |       ||    15
       Whip              |       |    31 |   102 ||   133
 Cast: Sandblast         |    20 |    69 |    34 ||   123
  Use: Scroll            |       |     4 |       ||     4
 Stab: Sleeping          |     5 |    10 |     4 ||    19
       Distracted        |       |     1 |       ||     1
  Eat: Chunk             |     2 |     6 |     8 ||    16
Armor: Skin              |     8 |     5 |     5 ||    18
Dodge: Dodged            |    51 |    63 |    77 ||   191
       Rpst.: Falchion   |       |     8 |       ||     8
